Map: Abyssal Reef LE

Players

SpeCiaL - Winner!

  • Race: Terran Terran
  • Spawn Location: 5:00

Has

  • Race: Protoss Protoss
  • Spawn Location: 11:00

Event: WCS Valencia 2017

VOD

Have the link to the VOD?

Description

Time

  • Played on: July 13, 2017, 2:03 p.m.
  • Length: 14:10

All games in this series

Show
View Real Time Build Order
Export as new Build Order

SpeCiaL Terran - Winner!

Build Orders: Reaper Expand 

Get SALT Encoding   

  12  0:00  SCV  
  13  0:12  SCV  
  14  0:17  Supply Depot  
  14  0:25  SCV  
  15  0:30  Refinery  
  15  0:38  SCV  
  16  0:44  Barracks  
  16  0:50  SCV  
  17  1:02  SCV  
  18  1:14  SCV  
  19  1:32  Orbital Command, Reaper  
  20  1:44  Command Center  
  20  1:54  Factory  
  20  1:58  SCV  
  21  2:08  Barracks Reactor  
  21  2:10  SCV  
  21  2:14  Supply Depot  
  22  2:18  Refinery  
  22  2:22  SCV  
  23  2:35  SCV  
  24  2:44  Marine x2  
  24  2:48  Starport  
  24  2:49  SCV  
  24  2:50  Widow Mine  
  29  2:56  Orbital Command  
  29  3:01  SCV  
  29  3:03  Marine x2  
  32  3:13  SCV  
  33  3:20  Marine  
  33  3:21  Marine  
  33  3:23  SCV, Widow Mine  
  33  3:25  SCV, Medivac  
  41  3:30  Supply Depot  
  41  3:35  SCV  
  41  3:37  SCV  
  41  3:38  Marine x2  
  45  3:47  SCV  
  45  3:49  SCV  
  45  3:52  Bunker  
  45  3:54  Factory Tech Lab  
  46  3:55  Engineering Bay  
  46  3:56  Marine x2  
  46  4:00  Starport Tech Lab  
  46  4:01  SCV  
  46  4:02  SCV  
  50  4:08  Supply Depot  
  50  4:13  SCV  
  50  4:14  SCV, Marine x2  
  54  4:23  Supply Depot  
  54  4:29  Raven  
  54  4:30  Siege Tank, SCV x2  
  61  4:35  Marine, Refinery  
  62  4:45  Marine, SCV x2  
  55  5:00  SCV x2  
  55  5:02  Marine  
  55  5:03  Marine  
  58  5:12  SCV  
  58  5:13  SCV  
  53  5:25  SCV x2  
  55  5:35  Marine x2  
  55  5:37  SCV x2  
  56  5:44  Siege Tank  
  56  5:49  SCV x2  
  61  5:54  Marine  
  61  5:55  Marine, Supply Depot  
  63  6:00  Banshee  
  63  6:03  SCV x2  
  68  6:09  Terran Infantry Weapons Level 1, Supply Depot  
  68  6:15  SCV x2  
  70  6:20  Missile Turret  
  70  6:23  Barracks  
  70  6:27  SCV  
  70  6:29  SCV  
  70  6:30  Barracks  
  70  6:31  Marine x2  
  74  6:33  Factory Reactor  
  74  6:37  Supply Depot  
  74  6:39  SCV  
  75  6:48  SCV  
  75  6:50  Marine x2  
  75  6:51  SCV  
  79  6:55  Starport Reactor  
  79  6:57  Command Center  
  79  7:00  SCV  
  80  7:04  SCV  
  80  7:08  Marine x2  
  83  7:12  Marine  
  83  7:13  Stimpack  
  84  7:21  Missile Turret  
  84  7:22  Refinery, Supply Depot  
  84  7:23  SCV x2  
  84  7:24  Widow Mine x2  
  84  7:25  Marine  
  84  7:29  Missile Turret  
  91  7:34  Marauder, Marine  
  94  7:44  Marine  
  94  7:47  SCV x2  
  94  7:48  Supply Depot x2  
  94  7:51  Marine, Medivac x2  
  101  8:00  Barracks  
  101  8:01  Barracks  
  101  8:03  Marauder  
  101  8:04  Combat Shields  
  101  8:05  Terran Infantry Armor Level 1  
  101  8:08  SCV  
  101  8:09  Marauder  
  101  8:11  Orbital Command, Missile Turret  
  104  8:13  Widow Mine x2  
  104  8:16  SCV  
  109  8:20  SCV, Marine x2  
  109  8:25  Medivac x2  
  116  8:32  Marauder x2  
  119  8:35  SCV  
  119  8:36  SCV  
  119  8:38  Marine x2  
  123  8:43  Orbital Command  
  123  8:48  SCV x2, Ghost Academy  
  125  8:50  Supply Depot  
  125  8:53  Barracks Reactor, Barracks Tech Lab  
  125  8:55  Medivac x2  
  129  8:56  Marine x2  
  129  9:00  SCV x2  
  133  9:09  SCV  
  132  9:11  Supply Depot x2  
  132  9:12  SCV x2, Armory  
  132  9:16  Engineering Bay  
  132  9:17  Supply Depot  
  132  9:21  SCV  
  133  9:29  Supply Depot  
  133  9:31  Concussive Shells, Supply Depot  
  133  9:32  SCV  
  133  9:33  SCV x2  
  133  9:35  Liberator, Missile Turret  
  133  9:37  Marine x4  
  133  9:38  Ghost  
  140  9:39  Liberator  
  140  9:43  Ghost  
  144  9:46  Ghost  
  144  9:51  Supply Depot  
  151  10:00  Marine x2  
  151  10:01  Marine  
  153  10:07  Marauder, SCV x2  
  157  10:17  Marine  
  157  10:18  Marauder, Liberator  
  157  10:19  SCV x2  
  157  10:21  Marine  
  157  10:22  Liberator, Marine, Marauder  
  157  10:23  Terran Infantry Weapons Level 2  
  157  10:24  Supply Depot  
  157  10:25  Supply Depot  
  161  10:29  Supply Depot  
  159  10:40  Refinery x2  
  169  10:48  Missile Turret  
  169  10:50  Marine, Command Center  
  169  10:52  Marauder  
  172  11:00  Terran Ship Weapons Level 1  
  172  11:01  Marine  
  172  11:02  Marauder x2, Starport  
  172  11:03  Marine x2  
  171  11:06  SCV x2  
  171  11:09  Marine  
  174  11:14  Marauder  
  176  11:19  Marine  
  176  11:21  Marine x2  
  176  11:23  Marauder, Supply Depot  
  176  11:24  Marauder, Barracks  
  176  11:25  Barracks  
  183  11:27  Marine, Viking  
  183  11:29  Viking  
  164  11:41  Marauder, Marine  
  164  11:46  Marine x2  
  164  11:47  Marauder, Marine  
  149  11:52  Marauder  
  152  11:59  Marine, Viking x3  
  159  12:02  Marine  
  159  12:04  Marine  
  163  12:08  Marauder  
  163  12:13  Marauder  
  163  12:14  Marine  
  166  12:17  Marine  
  166  12:20  Missile Turret  
  166  12:21  Marauder  
  166  12:22  Marine  
  169  12:23  Marine  
  169  12:25  Barracks Tech Lab  
  169  12:26  Barracks Tech Lab  
  169  12:30  Marauder, Viking  
  169  12:34  Ghost  
  169  12:37  Marine x2  
  171  12:40  Marine  
  171  12:41  Marine  
  171  12:42  Marauder  
  177  12:46  Marauder, Marine  
  177  12:50  Marine  
  181  12:51  Viking x2  
  181  12:54  Marine x2  
  181  12:57  Viking  
  181  12:58  Marine  
  188  13:03  Marauder x2  
  189  13:06  Marauder  
  189  13:08  Marauder  
  189  13:10  Marine, Ghost  
  189  13:12  Marine x2  
  191  13:20  Viking  
  191  13:24  Marine, Ghost  
  191  13:25  Marauder  
  198  13:28  Marauder  
  200  13:37  Command Center  
  195  13:43  Marine  
  195  13:44  Marauder  
Show
View Real Time Build Order
Export as new Build Order

Has Protoss 

Build Orders: 1 Gate Expand, Dark Templar Rush 

Get SALT Encoding   

  12  0:00  Probe (Chrono Boost)  
  13  0:11  Probe (Chrono Boost)  
  14  0:17  Pylon  
  14  0:22  Probe (Chrono Boost)  
  16  0:35  Probe (Chrono Boost)  
  16  0:36  Gateway  
  16  0:41  Assimilator  
  16  0:46  Probe (Chrono Boost)  
  17  0:56  Probe (Chrono Boost)  
  18  1:07  Probe (Chrono Boost)  
  19  1:18  Nexus  
  19  1:28  Cybernetics Core  
  19  1:31  Probe (Chrono Boost)  
  20  1:37  Assimilator  
  20  1:41  Probe (Chrono Boost)  
  21  1:48  Pylon  
  21  1:52  Probe (Chrono Boost)  
  22  2:06  Mothership Core (Chrono Boost)  
  24  2:10  Stalker (Chrono Boost)  
  26  2:17  Pylon  
  26  2:21  Warp Gate  
  26  2:25  Probe (Chrono Boost)  
  27  2:30  Probe  
  27  2:36  Probe  
  29  2:40  Probe, Twilight Council  
  30  2:48  Probe  
  31  2:52  Probe, Stalker (Chrono Boost)  
  34  3:00  Probe  
  34  3:05  Gateway  
  35  3:12  Probe  
  37  3:16  Probe, Dark Shrine  
  37  3:26  Probe (Chrono Boost), Pylon  
  38  3:28  Probe (Chrono Boost)  
  39  3:40  Robotics Facility  
  39  3:47  Probe (Chrono Boost)  
  40  3:51  Probe (Chrono Boost)  
  41  3:56  Pylon  
  41  3:57  Probe (Chrono Boost)  
  41  4:01  Probe (Chrono Boost)  
  43  4:06  Probe, Assimilator  
  44  4:10  Pylon  
  44  4:13  Probe  
  44  4:17  Probe  
  46  4:25  Probe  
  46  4:27  Probe  
  46  4:28  Dark Templar  
  46  4:30  Dark Templar  
  51  4:37  Probe  
  51  4:38  Probe  
  52  4:48  Probe  
  52  4:49  Probe  
  54  4:59  Observer (Chrono Boost)  
  53  5:01  Probe x2, Dark Templar  
  57  5:13  Probe  
  57  5:14  Probe  
  51  5:17  Blink (Chrono Boost)  
  49  5:24  Nexus  
  49  5:25  Probe, Pylon  
  49  5:26  Probe  
  49  5:36  Warp Prism (Chrono Boost)  
  49  5:37  Probe  
  49  5:38  Probe  
  49  5:42  Forge  
  53  5:43  Pylon  
  53  5:46  Gateway  
  53  5:49  Probe  
  54  5:50  Probe, Gateway  
  54  5:52  Gateway  
  54  5:54  Gateway  
  55  6:01  Probe  
  55  6:02  Protoss Ground Weapons Level 1 (Chrono Boost)  
  56  6:04  Gateway  
  56  6:05  Gateway  
  56  6:10  Sentry x2  
  61  6:13  Probe  
  61  6:15  Probe  
  62  6:21  Assimilator  
  63  6:25  Probe  
  63  6:27  Probe, Immortal (Chrono Boost)  
  68  6:37  Probe  
  68  6:38  Pylon  
  69  6:41  Probe  
  69  6:42  Probe  
  71  6:48  Dark Templar  
  71  6:49  Probe  
  71  6:50  Zealot x3  
  80  6:57  Probe  
  80  6:58  Probe  
  81  7:02  Probe  
  79  7:16  Charge (Chrono Boost), Stalker x2  
  79  7:20  Stalker x3  
  88  7:25  Probe x3  
  91  7:34  Zealot  
  91  7:35  Zealot x2  
  95  7:39  Protoss Ground Armor Level 1  
  95  7:41  Pylon  
  93  7:44  Pylon  
  93  7:49  Zealot x2  
  97  7:51  Pylon  
  97  7:57  Sentry  
  97  7:58  Sentry x2  
  103  8:05  Pylon  
  103  8:07  Probe x2  
  103  8:08  Zealot  
  103  8:09  Zealot  
  109  8:13  Probe, Pylon  
  109  8:15  Pylon  
  110  8:23  Zealot x2  
  110  8:24  Zealot  
  116  8:27  Immortal  
  116  8:31  Pylon  
  120  8:44  Zealot  
  120  8:45  Zealot x4  
  128  8:54  Robotics Bay  
  128  8:56  Robotics Facility  
  128  8:59  Probe x3  
  123  9:11  Probe x3  
  126  9:23  Probe  
  127  9:27  Zealot x7  
  127  9:28  Zealot  
  144  9:31  Probe  
  144  9:47  Colossus (Chrono Boost)  
  144  9:48  Colossus (Chrono Boost)  
  156  10:05  Extended Thermal Lance (Chrono Boost)  
  156  10:12  Pylon  
  156  10:14  Pylon  
  148  10:16  Protoss Ground Weapons Level 2  
  148  10:20  Probe  
  148  10:21  Probe x2  
  141  10:22  Stalker x3  
  141  10:23  Stalker x3  
  153  10:33  Probe x2  
  153  10:34  Pylon  
  155  10:40  Observer (Chrono Boost)  
  155  10:41  Colossus (Chrono Boost)  
  162  10:48  Probe  
  157  10:53  Probe  
  159  11:00  Nexus  
  159  11:02  Pylon, Probe  
  159  11:08  Probe  
  159  11:09  Probe  
  161  11:12  Twilight Council  
  161  11:15  Pylon  
  161  11:17  Pylon  
  165  11:25  Immortal (Chrono Boost)  
  117  11:47  Zealot  
  117  11:48  Zealot x6  
  117  11:52  Immortal (Chrono Boost)  
  135  11:58  Probe x3  
  138  12:10  Probe  
  138  12:14  Zealot x3  
  138  12:15  Zealot x2  
  149  12:18  Stalker  
  151  12:28  Immortal (Chrono Boost)  
  153  12:43  Zealot  
  155  12:44  Zealot x5  
  165  12:53  Photon Cannon  
  165  12:55  Photon Cannon  
  163  13:02  Stalker  
  147  13:08  Stalker x2  
  147  13:13  Stalker  
  143  13:32  Stalker  
  143  13:33  Stalker x2  
  146  13:45  Stalker  
  146  13:46  Stalker  
  139  14:02  Stalker  
Tags
 
Add a new tag
Caveats
  • Supply blocks, unpowered buildings, or Contaminate may cause inaccurate times.
  • Supply counts are checked every 10 seconds.